 Dungeon Crawl Stone Soup version 0.24.0-13-gcf9b319 (webtiles) character file.

Game seed: 3164764604993003440, levelgen mode: deterministic

46 ricardofg the Magician (level 3, 0/26 HPs)
             Began as a Human Wanderer on Nov 18, 2019.
             Succumbed to an adder's poison
             ... on level 2 of the Dungeon.
             The game lasted 00:05:05 (1492 turns).

ricardofg the Magician (Human Wanderer)             Turns: 1492, Time: 00:05:06

Health: 0/26       AC:  2    Str: 12    XL:     3   Next: 95%
Magic:  6/8        EV: 12    Int: 11    God:
Gold:   29         SH:  0    Dex: 14    Spells: 9/10 levels left

rFire    . . .     SeeInvis +   h - +0 whip
rCold    . . .     Gourm    .   (no shield)
rNeg     . . .     Faith    .   d - +0 robe
rPois    .         Spirit   .   (no helmet)
rElec    .         Reflect  .   (no cloak)
rCorr    .         Harm     .   (no gloves)
MR       .....                  (no boots)
Stlth    ++........             (no amulet)
HPRegen  0.08/turn              e - ring of see invisible
MPRegen  0.11/turn              (no ring)

@: lethally poisoned (0 -> -6)
A: no striking features
a: no special abilities


You were on level 2 of the Dungeon.
You were not hungry.

You visited 1 branch of the dungeon, and saw 2 of its levels.

You collected 29 gold pieces.

Inventory:

Hand Weapons
 a - a +0 dagger
 h - a +0 whip (weapon)
Missiles
 g - 3 boomerangs (quivered)
Armour
 d - a +0 robe (worn)
Jewellery
 e - a ring of see invisible (left hand)
Scrolls
 b - a scroll of magic mapping {unknown}
 i - 2 scrolls of identify {unknown}
 j - a scroll of teleportation {unknown}
 k - a scroll of fear {unknown}
Comestibles
 f - a ration
 l - 4 chunks of flesh


   Skills:
 + Level 1.2 Fighting
 + Level 1.2 Dodging
 - Level 1.0 Stealth
   Level 1.0 Shields
 + Level 4.2 Spellcasting
 + Level 1.0 Conjurations
   Level 1.0 Translocations
   Level 1.0 Earth Magic
 + Level 2.3 Poison Magic


You had 9 spell levels left.
You knew the following spells:

 Your Spells              Type           Power        Failure   Level  Hunger
a - Sting                 Conj/Pois      #...         12%         1    #......

Your spell library contained the following spells:

 Spells                   Type           Power        Failure   Level  Hunger
 Animate Skeleton         Necr           N/A          24%         1    #......
 Blink                    Tloc           N/A          24%         2    ##.....
 Shroud of Golubria       Chrm/Tloc      #.....       28%         2    ##.....
 Gell's Gravitas          Tloc           #.........   43%         3    ###....
 Lesser Beckoning         Tloc           #.........   43%         3    ###....
 Teleport Other           Tloc           #.......     43%         3    ###....
 Ignite Poison            Fire/Tmut/Pois #.......     45%         3    ###....
 Vampiric Draining        Necr           #.........   56%         3    ###....
 Passage of Golubria      Tloc           N/A          83%         4    #####..


Dungeon Overview and Level Annotations

Branches:
Dungeon (2/15)

Altars:


Message History

The quokka is severely wounded.
You feel sick. The quokka misses you.
You closely miss the quokka.
The quokka is severely wounded.
The quokka bites you. x2
* * * LOW HITPOINT WARNING * * *
You closely miss the quokka.
The quokka is severely wounded.
* * * LOW HITPOINT WARNING * * *
You feel sick.
You kill the quokka!
There is a lethal amount of poison in your body!
* * * LOW HITPOINT WARNING * * *
You feel sick.
* * * LOW HITPOINT WARNING * * *
You feel sick.
* * * LOW HITPOINT WARNING * * *
You feel sick.
Your magical contamination has completely faded away.
You die...

#.# ##...###.##...
#.# #............
#.# #.....#.##...
#.####...#.#......
#.................
#..###.###........
#..# #.# #..###.##
#).###. #<.# #.#
#@...#.###..###.#
#.##.#..........##
#...#.#####..######
#.###..# #..# # ...
..# #..# # ### .#
#>.# . .# #).. .. #
#### ... ###.


There were no monsters in sight!

Vanquished Creatures
  An adder (D:2)
  A worm (D:2)
  2 dart slugs (D:1)
  A leopard gecko (D:1)
  3 goblins
  5 hobgoblins
  4 jackals (D:1)
  A quokka (D:2)
  A ball python (D:2)
  4 bats (D:1)
  2 frilled lizards (D:1)
  2 kobolds
  2 rats (D:1)
29 creatures vanquished.

Notes
Turn   | Place    | Note
-------+----------+-------------------------------------------
     0 | D:1      | ricardofg the Human Wanderer began the quest for the Orb.
     0 | D:1      | ricardofg set off with the following items: a +0 dagger, a
                  | +0 robe, a ration; and the following spells available to
                  | memorise: Sting, Animate Skeleton, Blink, Shroud of
                  | Golubria, Gell's Gravitas, Lesser Beckoning, Teleport
                  | Other, Ignite Poison, Vampiric Draining, Passage of
                  | Golubria
     0 | D:1      | Reached XP level 1. HP: 13/13 MP: 5/5
   190 | D:1      | Learned a level 1 spell: Sting
   369 | D:1      | Reached XP level 2. HP: 20/20 MP: 5/7
   717 | D:1      | Reached XP level 3. HP: 23/25 MP: 4/8
   721 | D:1      | Reached skill level 1 in Fighting
   721 | D:1      | Reached skill level 1 in Dodging
  1436 | D:2      | Reached skill level 1 in Conjurations
  1490 | D:2      | HP: 1/26 [poisoned by an adder]
  1492 | D:2      | Succumbed to an adder's poison

Levels and vault maps discovered:
D:1:      lemuel_arrival_rhombus, layout_basic
D:2:      layout_loops_ring, first_ration, minmay_pentomino_v4, uniq_robin

Skill      XL: |  1  2  3 |
---------------+----------+-----
Fighting       | 1 |  1.2
Dodging        | 1 |  1.2
Conjurations   | 1 |  1.0
Stealth        | |  1.0
Shields        | |  1.0
Spellcasting   | |  4.2
Translocations | |  1.0
Earth Magic    | |  1.0
Poison Magic   | |  2.3

Action                   || total
-------------------------++-------
Melee: Dagger            ||    48
       Whip              ||    74
Throw: Boomerang         ||     3
 Cast: Sting             ||    21
  Use: Potion            ||     1
 Stab: Sleeping          ||     1
  Eat: Chunk             ||     2
Armor: Robe              ||    24
Dodge: Dodged            ||    81
